AoeStats
← Sir Tristan

Arabia

510824673Analyzed
2v2 RM · 1d ago on Oct 2, 2026· 68m 6s· 4 players
Game mode
Random Map
Map size
Medium (4 player)
Population
200
Speed
Normal
Resources
Standard
Victory
Conquest
Starting age
Dark Age
Ending age
Imperial Age
RankedLock teamsTeams togetherTeam positionsShared explorationLock speedFull tech treeHidden civsTurbo modeCheats
Victory
Defeat
🇪🇸 Franks · Spain
1234
+10
🇬🇷 Malians · Greece
984
+20
🇦🇷 Spanish · Argentina
1111
-16
🇦🇷 Khmer · Argentina
1059
-14
lautygonzalez89
7:17 Loom
10:08 Feudal Age
10:44 Double-Bit Axe
10:42 Horse Collar
21:36 Castle Age
20:27 Bloodlines
21:29 Stone Mining
23:08 Wheelbarrow
23:08 Pikeman
24:41 Stone Shaft Mining
25:41 Heavy Plow
26:36 Padded Archer Armor
30:09 Gold Mining
30:40 Squires
32:23 Husbandry
33:38 Hand Cart
33:28 Gambesons
38:00 Imperial Age
37:47 Scale Mail Armor
37:57 Forging
39:20 Leather Archer Armor
38:50 Halberdier
40:07 Bow Saw
40:06 Caravan
40:42 Conscription
39:47 Light Cavalry
41:04 Iron Casting
42:37 Chain Mail Armor
43:22 Blast Furnace
42:51 Fervor
42:42 Devotion
43:36 Ballistics
44:16 Chemistry
44:22 Two-Man Saw
46:16 Chemistry
46:29 Ring Archer Armor
46:30 Plate Mail Armor
46:05 Scale Barding Armor
45:51 Fletching
49:36 Elite Conquistador
51:47 Bodkin Arrow
52:05 Hussar
53:51 Hoardings
54:50 Chain Barding Armor
59:30 Plate Barding Armor
61:24 Bracer
AABYBRUNO
2:31 Loom
2:50 Loom
3:35 Loom
4:06 Loom
4:25 Loom
4:51 Loom
12:43 Feudal Age
19:15 Castle Age
19:12 Double-Bit Axe
19:13 Horse Collar
21:05 Bow Saw
22:58 Heavy Plow
25:08 Pikeman
34:49 Bow Saw
34:34 Gold Mining
34:36 Stone Mining
41:00 Forging
40:51 Scale Mail Armor
40:42 Fletching
41:35 Gold Shaft Mining
41:38 Stone Shaft Mining
41:16 Bloodlines
41:08 Husbandry
44:04 Caravan
47:21 Imperial Age
46:00 Scale Barding Armor
56:25 Elite Skirmisher
60:41 Halberdier
67:51 Light Cavalry
GoodStuber
6:36 Loom
9:20 Feudal Age
9:55 Double-Bit Axe
19:48 Castle Age
17:56 Gold Mining
19:40 Scale Barding Armor
20:49 Wheelbarrow
20:40 Bow Saw
20:51 Husbandry
21:26 Chain Barding Armor
26:49 Sanctity
30:22 Gold Shaft Mining
29:37 Stone Mining
34:12 Imperial Age
32:20 Ballistics
32:23 Hand Cart
33:16 Town Watch
34:42 Masonry
34:25 Fletching
35:29 Plate Barding Armor
35:29 Conscription
35:37 Cavalier
36:10 Cranequins
36:57 Padded Archer Armor
38:47 Heavy Mounted Crossbowman
41:25 Bodkin Arrow
41:45 Forging
42:50 Leather Archer Armor
43:54 Chemistry
43:26 Architecture
46:41 Iron Casting
47:12 Paladin
50:37 Elite Skirmisher
66:25 Light Cavalry
Sir Tristan
7:53 Loom
10:12 Feudal Age
10:50 Double-Bit Axe
10:47 Horse Collar
18:50 Castle Age
18:08 Gold Mining
19:03 Forging
20:46 Scale Barding Armor
20:56 Bow Saw
20:50 Heavy Plow
20:58 Husbandry
22:12 Bloodlines
24:00 Gold Shaft Mining
26:55 Wheelbarrow
28:07 Hand Cart
27:38 Town Watch
28:32 Iron Casting
35:34 Imperial Age
33:25 Padded Archer Armor
33:16 Fletching
33:47 Stone Mining
34:10 Elite Skirmisher
34:51 Bodkin Arrow
35:11 Leather Archer Armor
35:24 Thumb Ring
36:25 Ballistics
37:23 Conscription
38:14 Ring Archer Armor
39:10 Stone Shaft Mining
38:31 Cavalier
39:32 Chain Barding Armor
39:55 Crop Rotation
42:18 Chemistry
43:11 Plate Barding Armor
43:10 Farimba
43:47 Hoardings
44:28 Town Patrol
49:54 Treadmill Crane
50:24 Masonry
50:10 Murder Holes
52:37 Elite Gbeto
56:52 Heavy Camel Rider
65:52 Tigui
68:26 Fortified Wall
68:47 Architecture
Connection lost

Rejoining the realm…

Still unreachable

The connection could not be restored.

Session expired

The server has moved on; the page needs a fresh start.